12 | 0:00 | SCV | |
13 | 0:12 | SCV | |
14 | 0:16 | Supply Depot | |
14 | 0:24 | SCV | |
15 | 0:38 | SCV, Barracks | |
15 | 0:42 | Refinery | |
16 | 0:50 | SCV | |
17 | 1:02 | SCV | |
18 | 1:14 | SCV | |
19 | 1:25 | Reaper | |
20 | 1:26 | Orbital Command | |
20 | 1:38 | Command Center | |
20 | 1:47 | Supply Depot | |
20 | 1:51 | SCV | |
21 | 1:57 | Marine | |
22 | 2:03 | SCV | |
23 | 2:10 | Factory | |
24 | 2:15 | SCV | |
24 | 2:19 | Barracks Reactor | |
24 | 2:28 | SCV | |
25 | 2:34 | Command Center | |
25 | 2:40 | SCV | |
26 | 2:50 | Orbital Command | |
26 | 2:52 | SCV | |
27 | 2:59 | Starport | |
27 | 3:00 | Refinery | |
27 | 3:04 | SCV | |
28 | 3:08 | Hellion | |
28 | 3:11 | Hellion | |
32 | 3:13 | Barracks Tech Lab | |
32 | 3:16 | SCV | |
32 | 3:17 | SCV | |
34 | 3:28 | SCV | |
34 | 3:29 | SCV | |
34 | 3:31 | Hellion | |
34 | 3:32 | Hellion | |
40 | 3:40 | Marine, Banshee | |
44 | 3:44 | SCV x2 | |
44 | 3:48 | Orbital Command | |
46 | 3:55 | Cloaking Field | |
46 | 3:58 | SCV x2 | |
46 | 3:59 | Hellion | |
49 | 4:04 | Barracks Tech Lab | |
49 | 4:06 | Supply Depot | |
51 | 4:10 | SCV x2, Hellion | |
51 | 4:17 | SCV | |
54 | 4:22 | SCV | |
53 | 4:27 | Banshee | |
53 | 4:28 | SCV | |
53 | 4:29 | SCV | |
56 | 4:32 | Supply Depot | |
56 | 4:34 | Marine | |
53 | 4:39 | Factory Reactor | |
53 | 4:41 | SCV x2, Barracks | |
53 | 4:42 | Orbital Command | |
55 | 4:45 | Refinery, Barracks | |
55 | 4:46 | Refinery, Stimpack | |
55 | 4:53 | SCV x2 | |
55 | 4:56 | Engineering Bay x2 | |
55 | 4:59 | Supply Depot | |
57 | 5:01 | Marine | |
57 | 5:05 | SCV | |
57 | 5:06 | SCV | |
60 | 5:18 | SCV x2 | |
60 | 5:19 | Marine | |
63 | 5:24 | Barracks | |
63 | 5:25 | SCV | |
63 | 5:26 | Starport Reactor, Barracks | |
64 | 5:30 | SCV x2 | |
64 | 5:35 | Terran Infantry Weapons Level 1, Terran Infantry Armor Level 1 | |
66 | 5:37 | SCV | |
66 | 5:42 | SCV x2 | |
69 | 5:43 | Supply Depot, Siege Tank, Marine | |
69 | 5:44 | Marine x3 | |
76 | 5:51 | SCV | |
76 | 5:54 | SCV x2 | |
76 | 5:55 | Supply Depot | |
79 | 5:57 | Marine | |
79 | 6:01 | Marine x2 | |
79 | 6:03 | SCV, Marine x2 | |
85 | 6:05 | Medivac x2 | |
85 | 6:06 | SCV | |
85 | 6:09 | SCV | |
85 | 6:10 | Supply Depot x2 | |
91 | 6:15 | SCV, Marine | |
91 | 6:17 | Siege Tank | |
96 | 6:21 | SCV x2 | |
96 | 6:22 | Marine x3, Barracks Reactor x2 | |
96 | 6:24 | Refinery | |
101 | 6:26 | Combat Shield | |
101 | 6:29 | Marine | |
101 | 6:30 | Supply Depot, SCV | |
103 | 6:34 | Marine | |
103 | 6:36 | SCV x2 | |
103 | 6:39 | Marine, Factory | |
106 | 6:40 | Marine | |
106 | 6:42 | SCV | |
111 | 6:47 | Marine | |
111 | 6:48 | Marine | |
111 | 6:50 | Siege Tank | |
111 | 6:52 | Marine | |
115 | 6:57 | Marine x2 | |
115 | 6:58 | Supply Depot, Command Center | |
115 | 6:59 | Supply Depot | |
117 | 7:03 | Marine x2 | |
117 | 7:04 | Marine x2 | |
117 | 7:05 | Marine | |
117 | 7:06 | Refinery | |
117 | 7:07 | SCV x3 | |
125 | 7:08 | Supply Depot | |
125 | 7:09 | Marine | |
125 | 7:10 | Marine | |
125 | 7:11 | Medivac | |
129 | 7:16 | Armory | |
129 | 7:17 | Marine x2 | |
129 | 7:19 | SCV | |
129 | 7:21 | Marine x3 | |
129 | 7:22 | Marine | |
135 | 7:23 | Marine | |
135 | 7:24 | Siege Tank | |
135 | 7:25 | Factory Tech Lab | |
135 | 7:26 | SCV x2 | |
135 | 7:27 | Marine | |
142 | 7:31 | Marine | |
142 | 7:33 | Supply Depot | |
142 | 7:35 | Marine x2 | |
143 | 7:39 | Marine x4 | |
143 | 7:41 | Marine, Medivac | |
150 | 7:48 | Siege Tank | |
150 | 7:50 | Marine x2 | |
155 | 7:53 | Marine x2 | |
155 | 7:56 | Siege Tank | |
155 | 7:57 | Marine x3 | |
163 | 8:02 | Terran Infantry Armor Level 2, Terran Infantry Weapons Level 2 | |
163 | 8:06 | Marine x2 | |
163 | 8:10 | Terran Vehicle Weapons Level 1 | |
164 | 8:14 | Supply Depot x2 | |
164 | 8:17 | Marine x2 | |
164 | 8:18 | Marine x2 | |
161 | 8:24 | Siege Tank | |
161 | 8:25 | Marine x2 | |
164 | 8:27 | Marine x2 | |
164 | 8:28 | Siege Tank, Marine | |
167 | 8:35 | Marine x3 | |
167 | 8:36 | Marine | |
167 | 8:37 | SCV x2 | |
167 | 8:38 | SCV | |
174 | 8:43 | Marine x2 | |
176 | 8:48 | Barracks | |
176 | 8:49 | Marine, Barracks | |
176 | 8:50 | Marine | |
176 | 8:51 | Marine, Barracks | |
176 | 8:53 | Marine x2 | |
181 | 8:59 | Marine x2 | |
181 | 9:00 | Liberator | |
178 | 9:07 | Marine x3 | |
178 | 9:08 | Marine x2 | |
162 | 9:11 | Marine | |
162 | 9:16 | Siege Tank x2 | |
161 | 9:18 | Marine x2 | |
161 | 9:19 | Marine | |
161 | 9:22 | Medivac | |
166 | 9:25 | Marine x3 | |
166 | 9:26 | Marine | |
166 | 9:27 | Marauder | |
166 | 9:30 | Marine | |
172 | 9:36 | Marine x3 | |
172 | 9:38 | SCV x3 | |
175 | 9:42 | Marine | |
175 | 9:43 | Marine x2 | |
175 | 9:44 | Planetary Fortress, Marine | |
176 | 9:47 | Marine | |
176 | 9:48 | Marine | |
176 | 9:52 | Medivac x2 | |
173 | 9:54 | Marine x3 | |
173 | 9:59 | SCV x3 | |
178 | 10:00 | Marine x2 | |
178 | 10:01 | Barracks Tech Lab x3, Marine | |
178 | 10:12 | Marauder | |
180 | 10:21 | Command Center | |
180 | 10:22 | Command Center | |
180 | 10:23 | Terran Infantry Armor Level 3, Sensor Tower, Terran Infantry Weapons Level 3 | |
180 | 10:28 | Marauder x3 | |
182 | 10:33 | Marine x2 | |
182 | 10:34 | Marine | |
182 | 10:35 | Marauder | |
184 | 10:36 | Ghost Academy | |
184 | 10:38 | Refinery x2 | |
184 | 10:41 | Siege Tank | |
184 | 10:42 | Siege Tank | |
190 | 10:49 | Marauder x2 | |
194 | 10:54 | Marauder | |
194 | 10:55 | Marine | |
194 | 10:56 | Marine | |
195 | 11:04 | Terran Vehicle Weapons Level 2 | |
195 | 11:05 | Supply Depot x2 | |
195 | 11:18 | Command Center | |
195 | 11:20 | Command Center | |
195 | 11:25 | Marauder | |
196 | 11:27 | Marauder x2 | |
199 | 11:42 | Orbital Command, Command Center | |
199 | 11:43 | Orbital Command | |
190 | 11:56 | Ghost x3 | |
190 | 11:59 | Ghost | |
186 | 12:05 | Siege Tank x2 | |
188 | 12:10 | Marine x6 | |
193 | 12:22 | Sensor Tower | |
193 | 12:23 | Missile Turret x2 | |
193 | 12:24 | Ghost | |
193 | 12:25 | Ghost | |
193 | 12:27 | Command Center | |
199 | 12:31 | Orbital Command | |
199 | 12:39 | Personal Cloaking | |
199 | 12:57 | Siege Tank, Refinery | |
199 | 12:58 | Refinery | |
199 | 13:04 | Planetary Fortress | |
199 | 13:07 | Sensor Tower | |
199 | 13:08 | Command Center | |
199 | 13:10 | Missile Turret | |
199 | 13:15 | Command Center | |
199 | 13:19 | Starport | |
199 | 13:20 | Starport | |
199 | 13:22 | Factory | |
199 | 13:23 | Sensor Tower | |
199 | 13:24 | Fusion Core | |
197 | 13:31 | Siege Tank | |
197 | 13:32 | Siege Tank, Marine | |
197 | 13:33 | Marine x3, Marauder x2 | |
191 | 13:36 | Ghost x2 | |
192 | 13:52 | Medivac | |
192 | 13:53 | Ghost, Medivac | |
192 | 13:56 | Sensor Tower | |
192 | 14:02 | Orbital Command | |
192 | 14:03 | Siege Tank | |
192 | 14:08 | Starport Reactor | |
192 | 14:09 | Siege Tank | |
198 | 14:10 | Terran Vehicle Weapons Level 3 | |
198 | 14:17 | Missile Turret | |
198 | 14:18 | Missile Turret | |
198 | 14:23 | Orbital Command | |
198 | 15:06 | Siege Tank x2 | |
194 | 15:10 | Hi-Sec Auto Tracking, Neosteel Armor | |
194 | 15:12 | Advanced Ballistics | |
194 | 15:14 | Nuke | |
194 | 15:15 | Armory | |
194 | 15:17 | Ghost Academy | |
194 | 15:19 | Ghost Academy | |
194 | 15:31 | Missile Turret | |
194 | 15:38 | Siege Tank x2 | |
200 | 15:55 | Command Center, Sensor Tower | |
200 | 15:56 | Missile Turret | |
198 | 16:01 | Missile Turret, Sensor Tower | |
198 | 16:02 | Factory Reactor | |
198 | 16:03 | Liberator | |
198 | 16:05 | Missile Turret | |
196 | 16:21 | Liberator | |
196 | 16:24 | Caduceus Reactor | |
189 | 16:27 | Sensor Tower | |
187 | 16:33 | Missile Turret | |
187 | 16:36 | Liberator x2 | |
193 | 16:45 | Nuke x3 | |
193 | 16:46 | Terran Vehicle And Ship Armor Level 1, Refinery, Command Center | |
193 | 16:47 | Missile Turret | |
193 | 16:49 | Sensor Tower | |
193 | 16:50 | Command Center | |
193 | 16:51 | Refinery, Missile Turret | |
193 | 17:00 | Siege Tank x2, Ghost | |
193 | 17:01 | Ghost x3 | |
197 | 17:29 | Marine x2, Ghost | |
187 | 17:30 | Marine x6 | |
187 | 17:33 | Orbital Command | |
190 | 17:39 | Ghost x3 | |
196 | 17:49 | Terran Ship Weapons Level 1 | |
196 | 17:56 | Liberator | |
199 | 18:11 | Missile Turret | |
196 | 18:16 | Missile Turret | |
196 | 18:24 | Marauder x2 | |
196 | 18:26 | Planetary Fortress | |
178 | 19:11 | Marauder | |
178 | 19:12 | Marine x8, Marauder x3 | |
178 | 19:13 | Liberator x2 | |
200 | 19:20 | Refinery | |
200 | 19:22 | Refinery | |
200 | 19:47 | Missile Turret, Sensor Tower | |
196 | 20:10 | Siege Tank x2 | |
194 | 20:27 | Command Center | |
182 | 20:42 | Siege Tank x2 | |
154 | 20:50 | Orbital Command, Ghost | |
154 | 20:51 | Ghost | |
154 | 20:54 | Marauder x2 | |
154 | 20:56 | Marine x2 | |
160 | 20:57 | Marine x2 | |
160 | 20:58 | Marine | |
160 | 20:59 | Nuke x2 | |
160 | 21:04 | Marine x3 | |
166 | 21:14 | Siege Tank | |
166 | 21:15 | Marauder | |
171 | 21:23 | Marine x2, Marauder x3 | |
171 | 21:24 | Marine x3 | |
182 | 21:35 | Sensor Tower | |
179 | 21:40 | Command Center | |
179 | 21:42 | Command Center | |
179 | 21:49 | Orbital Command, Refinery | |
179 | 21:50 | Refinery | |
179 | 21:53 | Terran Vehicle And Ship Armor Level 2 | |
179 | 21:54 | Nuke, Orbital Command, Terran Ship Weapons Level 2 | |
179 | 22:18 | Siege Tank x2 | |
178 | 22:22 | Factory | |
178 | 22:24 | Factory | |
178 | 22:32 | Ghost x4 | |
178 | 22:48 | Marine x2 | |
178 | 22:50 | Marine x4 | |
178 | 22:51 | Nuke, Marine | |
178 | 22:52 | Nuke | |
176 | 23:01 | Marauder x4 | |
170 | 23:06 | Siege Tank | |
170 | 23:07 | Siege Tank | |
175 | 23:13 | Marine | |
175 | 23:14 | Marine x4 | |
175 | 23:17 | Orbital Command | |
175 | 23:18 | Medivac | |
182 | 23:21 | Ghost | |
182 | 23:22 | Marine, Ghost x3 | |
182 | 23:23 | Marine x2 | |
182 | 23:25 | Factory Tech Lab x2 | |
192 | 23:50 | Ghost x2 | |
185 | 24:11 | Siege Tank x3 | |
194 | 24:23 | Orbital Command | |
193 | 24:36 | Marine x8, Marauder x4 | |
191 | 24:46 | Siege Tank x2 | |
197 | 24:53 | Marine x2 | |
197 | 24:54 | Marine x2 | |
197 | 24:58 | Marine x2 | |
197 | 24:59 | Marine x2 | |
195 | 25:05 | Siege Tank | |
195 | 25:06 | Siege Tank | |
188 | 25:07 | Orbital Command | |
188 | 25:13 | Ghost | |
188 | 25:14 | Marine x3, Ghost | |
171 | 25:15 | Marine | |
171 | 25:19 | Terran Vehicle And Ship Armor Level 3, Terran Ship Weapons Level 3 | |
171 | 25:20 | Orbital Command | |
181 | 25:22 | Marauder x2 | |
185 | 25:40 | Orbital Command | |
185 | 25:42 | Ghost x2 | |
185 | 25:43 | Ghost x2 | |
188 | 26:11 | Ghost x3 | |
191 | 26:45 | Siege Tank | |
191 | 26:51 | Nuke x3 | |
188 | 27:14 | Ghost x4 | |
164 | 27:52 | Siege Tank x2 | |
164 | 27:54 | Marine x8 | |
164 | 27:55 | Marauder x3 | |
164 | 27:56 | Marauder | |
164 | 27:57 | Siege Tank | |
164 | 27:58 | Siege Tank | |
180 | 28:00 | Orbital Command | |
180 | 28:02 | Liberator x3 | |
187 | 28:16 | Marauder | |
187 | 28:17 | Marauder x3 | |
195 | 28:24 | SCV | |
175 | 29:00 | Marine x2, Marauder x4 | |
175 | 29:01 | Marine x2, Missile Turret | |
175 | 29:02 | Marine x2 | |
185 | 29:03 | Sensor Tower | |
185 | 29:05 | Missile Turret | |
185 | 29:08 | Liberator x2, Medivac x2 | |
196 | 29:15 | Marine | |
181 | 30:05 | Marine x2, Marauder x2 | |
181 | 30:06 | Marine | |
174 | 30:45 | SCV x3 | |